Workbook

Sheet Quadro Geral
A1: QUADRO GERAL - ITEM 1 - VIGILANTE PATRIMONIAL ARMADO
A2: 1.0 | B2: Mão de Obra
A3: Subitem | B3: EMPREGADO | G3: Quantidade de Posto (a) | H3: Vlr. Unitário por Empregado R$ (b) | I3: Quantidade de Empregado por Posto (c) | J3: Vlr. Mensal R$ (d= a x b x c) | K3: Vlr. Anual R$ (e= d x 12 meses) | L3: Vlr. Bienal R$ (f= e x 2 anos)
A4: 1.1 | B4: Vigilante Patrimonial 12x36 - Diurno | G4: 1 | H4: ='Vigilante Diurno 12x36'!D102 -> 5048.27 | I4: 2 | J4: =ROUND(G4*H4*I4,2) -> 10096.54 | K4: =ROUND(J4*12,2) -> 121158.48 | L4: =ROUND(K4*2,2) -> 242316.96
A5: 1.2 | B5: Vigilante Patrimonial 12x36 - Noturno | G5: 1 | H5: ='Vigilante Noturno 12x36'!D104 -> 5801.97 | I5: 2 | J5: =ROUND(G5*H5*I5,2) -> 11603.94 | K5: =ROUND(J5*12,2) -> 139247.28 | L5: =ROUND(K5*2,2) -> 278494.56
A6: SubTotal Item 1.0 R$ → | G6: =SUM(G4:G5) -> 2 | H6: =ROUND(SUM(H4:H5),2) -> 10850.24 | I6: =SUM(I4:I5) -> 4 | J6: =ROUND(SUM(J4:J5),2) -> 21700.48 | K6: =ROUND(SUM(K4:K5),2) -> 260405.76 | L6: =ROUND(SUM(L4:L5),2) -> 520811.52
A8: TOTAL MENSAL (SubTota Item 1.0) R$ → | J8: =ROUND(J6,2) -> 21700.48
A9: TOTAL ANUAL (TOTAL MENSAL X 12 MESES) R$ → | J9: =ROUND(J8*12,2) -> 260405.76
A10: TOTAL BIANUAL (TOTAL ANUAL X 2 ANOS) R$ → | J10: =ROUND(J9*2,2) -> 520811.52
H12: 44244
A15: Elaborado por:
D16: (Nome do Representante) Representante da Empresa

Sheet Vigilante Diurno 12x36
A1: PLANILHA ORÇAMENTÁRIA DE REFERÊNCIA DE FORMAÇÃO DE CUSTO DE MÃO DE OBRA
A2: Tipo de serviço: | B2: Vigilante Patrimonial 12x36 (Diurno)
A3: CBO: | B3: 5173-30
A4: Unidade de medida: | B4: Empregado
A5: Quantidade total a contratar (em função da unidade de medida): | B5: 1
A6: Convenção Coletiva de Trabalho/Acordo/ Dissídio Coletivo de Trabalho: | B6: CCT 2020/2022 de N.º Registro no MTE: AM000070/2020, N.º da Solicitação: MR006589/2020 e N.º do Processo: 13621.102969/2020-19, e TACCT 2020/2022 de N.º Registro no MTE: AM000050/2021, N.º da Solicitação: MR003502/2021 e N.º do Processo: 13621.101096/2021-08.
A9: MÃO DE OBRA VINCULADA À EXECUÇÃO CONTRATUAL
A10: SEÇÃO I - COMPOSIÇÃO DA REMUNERAÇÃO (R$)
A11: Composição da Remuneração | C11: % | D11: Valor (R$)
A12: Salário Base | C12: - | D12: 1372.86
A13: Adicional de Periculosidade | C13: 0.3 | D13: =ROUND(C13*D12,2) -> 411.86
A14: Outros | D14: =C14*D12/100 -> 0
A15: TOTAL DA REMUNERAÇÃO (R$) | D15: =ROUND(SUM(D12:D14),2) -> 1784.72
A17: SEÇÃO II - ENCARGOS SOCIAIS INCIDENTES SOBRE A REMUNERAÇÃO (R$)
A18: GRUPO A - ENCARGOS | C18: % | D18: Valor (R$)
A19: A.01 SEGURIDADE SOCIAL | C19: 0.2 | D19: =ROUND($D$15*C19,2) -> 356.94
A20: A.02 FGTS | C20: 0.08 | D20: =ROUND($D$15*C20,2) -> 142.78
A21: A.03 SESI/SESC | C21: 0.015 | D21: =ROUND($D$15*C21,2) -> 26.77
A22: A.04 SENAI/SENAC | C22: 0.01 | D22: =ROUND($D$15*C22,2) -> 17.85
A23: A.05 INCRA | C23: 0.002 | D23: =ROUND($D$15*C23,2) -> 3.57
A24: A.06 SEBRAE | C24: 0.006 | D24: =ROUND($D$15*C24,2) -> 10.71
A25: A.07 Salário Educação | C25: 0.025 | D25: =ROUND($D$15*C25,2) -> 44.62
A26: A.08 Riscos Ambientais do Trabalho – RAT x FAP | C26: 0.06 | D26: =ROUND($D$15*C26,2) -> 107.08
A27: TOTAL - GRUPO A - ENCARGOS | C27: =ROUND(SUM(C19:C26),5) -> 0.398 | D27: =ROUND(SUM(D19:D26),2) -> 710.32
A29: GRUPO B | C29: % | D29: Valor (R$)
A30: B.01 13º Salário | C30: =ROUND(1/12,5) -> 0.08333 | D30: =ROUND($D$15*C30,2) -> 148.72
A31: B.02 Férias (sem o abono de 1/3) | C31: =ROUND((1/12),5) -> 0.08333 | D31: =ROUND($D$15*C31,2) -> 148.72
A32: B.03 Aviso Prévio Trabalhado | C32: =ROUND((((100% / 30) * 7) / 12),5) -> 0.01944 | D32: =ROUND($D$15*C32,2) -> 34.69
A33: B.04 Auxílio Doença | C33: =ROUND((1462463/54796761)/12,5) -> 0.00222 | D33: =ROUND($D$15*C33,2) -> 3.96
A34: B.05 Acidente de Trabalho | C34: =ROUND((((100% /30) * 15) / 12) * 1.22%,5) -> 0.00051 | D34: =ROUND($D$15*C34,2) -> 0.91
A35: B.06 Faltas Legais | C35: =ROUND(((100%/30)*1.4947)/12,5) -> 0.00415 | D35: =ROUND($D$15*C35,2) -> 7.41
A36: B.07 Férias sobre Licença Maternidade | C36: =ROUND((8.333%*1.416%*4/12),5) -> 0.00039 | D36: =ROUND($D$15*C36,2) -> 0.7
A37: B.08 Licença Paternidade | C37: =ROUND((((100%/30)*5)/12)*1.416%,5) -> 0.0002 | D37: =ROUND($D$15*C37,2) -> 0.36
A38: TOTAL - GRUPO B | C38: =ROUND(SUM(C30:C37),5) -> 0.19357 | D38: =ROUND(SUM(D30:D37),2) -> 345.47
A40: GRUPO C | C40: % | D40: Valor (R$)
A41: C.01 Aviso Prévio Indenizado | C41: =ROUND(1/12*5%,5) -> 0.00417 | D41: =ROUND($D$15*C41,2) -> 7.44
A42: C.02 Indenização Adicional | C42: =ROUND(1/12*3.4275%,5) -> 0.00286 | D42: =ROUND($D$15*C42,2) -> 5.1
A43: C.03 Indenização (rescisão sem justa causa – multa de 40% do FGTS) | C43: =ROUND(40%*8%,5) -> 0.032 | D43: =ROUND($D$15*C43,2) -> 57.11
A44: C.04 Abono de Férias - 1/3 constitucional | C44: =ROUND(1/3*1/12,5) -> 0.02778 | D44: =ROUND($D$15*C44,2) -> 49.58
A45: C.05 Abono de Férias - 1/3 constitucional sobre licença maternidade | C45: =ROUND(1/3*C36,5) -> 0.00013 | D45: =ROUND($D$15*C45,2) -> 0.23
A46: TOTAL - GRUPO C | C46: =ROUND(SUM(C41:C45),5) -> 0.06694 | D46: =ROUND(SUM(D41:D45),2) -> 119.46
A48: GRUPO D | C48: % | D48: Valor (R$)
A49: D.01 Incidência dos encargos do grupo A sobre o grupo B | C49: =ROUND(C27*C38,5) -> 0.07704 | D49: =ROUND($D$15*C49,2) -> 137.49
A50: TOTAL - GRUPO D | C50: =ROUND(SUM(C49),5) -> 0.07704 | D50: =ROUND(SUM(D49),2) -> 137.49
A52: GRUPO E | C52: % | D52: Valor (R$)
A53: E.01 Incidência do FGTS sobre o aviso prévio indenizado | C53: =ROUND(8%*C41,5) -> 0.00033 | D53: =ROUND($D$15*C53,2) -> 0.59
A54: E.02 Incidência do FGTS sobre o período médio de afastamento superior a 15 dias motivado por acidente do trabalho | C54: =ROUND(8%*C34,5) -> 4e-05 | D54: =ROUND($D$15*C54,2) -> 0.07
A55: E.03 Incidência de FGTS sobre férias 1/3 constitucional | C55: =ROUND(C20*C44,5) -> 0.00222 | D55: =ROUND($D$15*C55,2) -> 3.96
A56: TOTAL - GRUPO E | C56: =ROUND(SUM(C53:C55),5) -> 0.00259 | D56: =ROUND(SUM(D53:D55),2) -> 4.62
A58: GRUPO F | C58: % | D58: Valor (R$)
A59: F.01 Incidência dos encargos do Grupo A sobre os valores constantes da base de cálculo referente ao salário maternidade | C59: =ROUND(C27*(4/12)*2/100,5) -> 0.00265 | D59: =ROUND($D$15*C59,2) -> 4.73
A60: TOTAL - GRUPO F | C60: =ROUND(SUM(C59),5) -> 0.00265 | D60: =ROUND(SUM(D59),2) -> 4.73
A61: TOTAL - ENCARGOS SOCIAIS (R$) | C61: =ROUND(C27+C38+C46+C50+C56+C60,5) -> 0.74079 | D61: =ROUND(D27+D38+D46+D50+D56+D60,2) -> 1322.09
A63: VALOR TOTAL DE REMUNERAÇÃO + ENCARGOS SOCIAIS (R$) | D63: =ROUND(D15+D61,2) -> 3106.81
A65: SEÇÃO III - INSUMOS
A66: Insumos | D66: Valor (R$)
A67: Vale Refeição | D67: =ROUND(25.5*15,2) -> 382.5
A68: Desconto sobre o vale refeição (máximo 10% do vale refeição) | D68: =ROUND(($D$67*10%)*-1,2) -> -38.25
A69: Vale transporte | D69: =ROUND(3.8*2*15,2) -> 114
A70: Desconto legal sobre transporte (máximo 6% do salário-base) | D70: =ROUND(($D$12*6%)*-1,2) -> -82.37
A71: Plano de Saúde | D71: 109.23
A72: Desconto legal sobre plano de saúde (máximo R$ 1,00 do plano) | D72: -1
A73: Uniforme | D73: ='Uniforme Vigilante'!F12 -> 139.02
A74: Equipamentos e munição | D74: ='Equipamento e Munição'!F24 -> 71
A75: TOTAL - INSUMOS (R$) | D75: =ROUND(SUM(D67:D74),2) -> 694.13
A77: TOTAL DE REMUNERAÇÃO + ENCARGOS SOCIAIS + INSUMOS (R$) | D77: =ROUND(D63+D75,2) -> 3800.94
A79: SEÇÃO IV - INTRAJORNADA
A80: INTRAJORNADA | D80: Valor (R$)
A81: INTRAJORNADA | D81: =ROUND((D12+D13)/192*1.5*15,2) -> 209.15
A82: TOTAL - INTRAJORNADA (R$) | D82: =ROUND(SUM(D81),2) -> 209.15
A84: TOTAL DE REMUNERAÇÃO + ENCARGOS SOCIAIS + INSUMOS + INTRAJORNADA (R$) | D84: =ROUND(D77+D82,2) -> 4010.09
A86: SEÇÃO V - LDI E TRIBUTAÇÃO
A87: LUCRO E DESPESAS INDIRETAS (LDI) | C87: % | D87: Valor (R$)
A88: Despesas Administrativas/Operacionais | C88: 0.05 | D88: =ROUND(D84*C88,2) -> 200.5
A89: Lucro | C89: 0.1 | D89: =ROUND(D84*C89,2) -> 401.01
A90: TOTAL - LUCRO E DESPESAS INDIRETAS | C90: =ROUND(SUM(C88:C89),5) -> 0.15 | D90: =SUM(D88:D89) -> 601.51
A92: TOTAL DE REMUNERAÇÃO + ENCARGOS SOCIAIS + INSUMOS + INTRAJORNADA + LDI (R$) | D92: =ROUND(D84+D90,2) -> 4611.6
A94: BASE DE CÁLCULO PARA TRIBUTO | C94: =ROUND(1-(SUM(C97:C99)/1),5) -> 0.9135 | D94: =ROUND(D92/C94,2) -> 5048.28
A96: TRIBUTAÇÃO SOBRE FATURAMENTO | C96: % | D96: Valor (R$)
A97: ISS | C97: 0.05 | D97: =ROUND($D$94*C97,2) -> 252.41
A98: COFINS | C98: 0.03 | D98: =ROUND($D$94*C98,2) -> 151.45
A99: PIS | C99: 0.0065 | D99: =ROUND($D$94*C99,2) -> 32.81
A100: TOTAL - TRIBUTAÇÃO SOBRE FATURAMENTO | C100: =ROUND(SUM(C97:C99),5) -> 0.0865 | D100: =ROUND(SUM(D97:D99),2) -> 436.67
A102: PREÇO MENSAL PARA 1 (UM) EMPREGADO (R$) | D102: =ROUND(D92+D100,2) -> 5048.27
A103: PREÇO MENSAL PARA 1 (UM) POSTO COM 2 (DOIS) EMPREGADOS (R$) - PREÇO MENSAL X 2 EMPREGADOS | D103: =ROUND(D102*2,2) -> 10096.54
A104: PREÇO ANUAL PARA 1 (UM) POSTO (R$) - PREÇO MENSAL X 12 MESES | D104: =ROUND(D103*12,2) -> 121158.48
A106: Item | D106: %
A107: TOTAL - GRUPO A - ENCARGOS | D107: =C27 -> 0.398
A108: TOTAL - GRUPO B | D108: =C38 -> 0.19357
A109: TOTAL - GRUPO C | D109: =C46 -> 0.06694
A110: TOTAL - GRUPO D | D110: =C50 -> 0.07704
A111: TOTAL - GRUPO E | D111: =C56 -> 0.00259
A112: TOTAL - GRUPO F | D112: =C60 -> 0.00265
A113: TOTAL ENCARGOS SOCIAIS | D113: =ROUND(SUM(D107:D112),5) -> 0.74079

Sheet Vigilante Noturno 12x36
A1: PLANILHA ORÇAMENTÁRIA DE REFERÊNCIA DE FORMAÇÃO DE CUSTO DE MÃO DE OBRA
A2: Tipo de serviço: | B2: Vigilante Patrimonial 12x36 (Noturno)
A3: CBO: | B3: 5173-30
A4: Unidade de medida: | B4: Empregado
A5: Quantidade total a contratar (em função da unidade de medida): | B5: 1
A6: Convenção Coletiva de Trabalho/Acordo/ Dissídio Coletivo de Trabalho: | B6: CCT 2020/2022 de N.º Registro no MTE: AM000070/2020, N.º da Solicitação: MR006589/2020 e N.º do Processo: 13621.102969/2020-19, e TACCT 2020/2022 de N.º Registro no MTE: AM000050/2021, N.º da Solicitação: MR003502/2021 e N.º do Processo: 13621.101096/2021-08.
A9: MÃO DE OBRA VINCULADA À EXECUÇÃO CONTRATUAL
A10: SEÇÃO I - COMPOSIÇÃO DA REMUNERAÇÃO (R$)
A11: Composição da Remuneração | C11: % | D11: Valor (R$)
A12: Salário Base | C12: - | D12: 1305
A13: Adicional de Periculosidade | C13: 0.3 | D13: =ROUND(C13*D12,2) -> 391.5
A14: Adicional Noturno | C14: 0.3 | D14: =ROUND((8*(7*4.286)*(((D12+D13)/192)*20%))/2,2) -> 212.08
A15: Hora Noturna Reduzida | C15: 0.3 | D15: =ROUND(((D12+D13+D14)/192*1.5*15),2) -> 223.66
A16: Outros | D16: =C16*D12/100 -> 0
A17: TOTAL DA REMUNERAÇÃO (R$) | D17: =ROUND(SUM(D12:D16),2) -> 2132.24
A19: SEÇÃO II - ENCARGOS SOCIAIS INCIDENTES SOBRE A REMUNERAÇÃO (R$)
A20: GRUPO A - ENCARGOS | C20: % | D20: Valor (R$)
A21: A.01 SEGURIDADE SOCIAL | C21: 0.2 | D21: =ROUND($D$17*C21,2) -> 426.45
A22: A.02 FGTS | C22: 0.08 | D22: =ROUND($D$17*C22,2) -> 170.58
A23: A.03 SESI/SESC | C23: 0.015 | D23: =ROUND($D$17*C23,2) -> 31.98
A24: A.04 SENAI/SENAC | C24: 0.01 | D24: =ROUND($D$17*C24,2) -> 21.32
A25: A.05 INCRA | C25: 0.002 | D25: =ROUND($D$17*C25,2) -> 4.26
A26: A.06 SEBRAE | C26: 0.006 | D26: =ROUND($D$17*C26,2) -> 12.79
A27: A.07 Salário Educação | C27: 0.025 | D27: =ROUND($D$17*C27,2) -> 53.31
A28: A.08 Riscos Ambientais do Trabalho – RAT x FAP | C28: 0.06 | D28: =ROUND($D$17*C28,2) -> 127.93
A29: TOTAL - GRUPO A - ENCARGOS | C29: =ROUND(SUM(C21:C28),5) -> 0.398 | D29: =ROUND(SUM(D21:D28),2) -> 848.62
A31: GRUPO B | C31: % | D31: Valor (R$)
A32: B.01 13º Salário | C32: =ROUND(1/12,5) -> 0.08333 | D32: =ROUND($D$17*C32,2) -> 177.68
A33: B.02 Férias (sem o abono de 1/3) | C33: =ROUND((1/12),5) -> 0.08333 | D33: =ROUND($D$17*C33,2) -> 177.68
A34: B.03 Aviso Prévio Trabalhado | C34: =ROUND((((100% / 30) * 7) / 12),5) -> 0.01944 | D34: =ROUND($D$17*C34,2) -> 41.45
A35: B.04 Auxílio Doença | C35: =ROUND((1462463/54796761)/12,5) -> 0.00222 | D35: =ROUND($D$17*C35,2) -> 4.73
A36: B.05 Acidente de Trabalho | C36: =ROUND((((100% /30) * 15) / 12) * 1.22%,5) -> 0.00051 | D36: =ROUND($D$17*C36,2) -> 1.09
A37: B.06 Faltas Legais | C37: =ROUND(((100%/30)*1.4947)/12,5) -> 0.00415 | D37: =ROUND($D$17*C37,2) -> 8.85
A38: B.07 Férias sobre Licença Maternidade | C38: =ROUND((8.333%*1.416%*4/12),5) -> 0.00039 | D38: =ROUND($D$17*C38,2) -> 0.83
A39: B.08 Licença Paternidade | C39: =ROUND((((100%/30)*5)/12)*1.416%,5) -> 0.0002 | D39: =ROUND($D$17*C39,2) -> 0.43
A40: TOTAL - GRUPO B | C40: =ROUND(SUM(C32:C39),5) -> 0.19357 | D40: =ROUND(SUM(D32:D39),2) -> 412.74
A42: GRUPO C | C42: % | D42: Valor (R$)
A43: C.01 Aviso Prévio Indenizado | C43: =ROUND(1/12*5%,5) -> 0.00417 | D43: =ROUND($D$17*C43,2) -> 8.89
A44: C.02 Indenização Adicional | C44: =ROUND(1/12*3.4275%,5) -> 0.00286 | D44: =ROUND($D$17*C44,2) -> 6.1
A45: C.03 Indenização (rescisão sem justa causa – multa de 40% do FGTS) | C45: =ROUND(40%*8%,5) -> 0.032 | D45: =ROUND($D$17*C45,2) -> 68.23
A46: C.04 Abono de Férias - 1/3 constitucional | C46: =ROUND(1/3*1/12,5) -> 0.02778 | D46: =ROUND($D$17*C46,2) -> 59.23
A47: C.05 Abono de Férias - 1/3 constitucional sobre licença maternidade | C47: =ROUND(1/3*C38,5) -> 0.00013 | D47: =ROUND($D$17*C47,2) -> 0.28
A48: TOTAL - GRUPO C | C48: =ROUND(SUM(C43:C47),5) -> 0.06694 | D48: =ROUND(SUM(D43:D47),2) -> 142.73
A50: GRUPO D | C50: % | D50: Valor (R$)
A51: D.01 Incidência dos encargos do grupo A sobre o grupo B | C51: =ROUND(C29*C40,5) -> 0.07704 | D51: =ROUND($D$17*C51,2) -> 164.27
A52: TOTAL - GRUPO D | C52: =ROUND(SUM(C51),5) -> 0.07704 | D52: =ROUND(SUM(D51),2) -> 164.27
A54: GRUPO E | C54: % | D54: Valor (R$)
A55: E.01 Incidência do FGTS sobre o aviso prévio indenizado | C55: =ROUND(8%*C43,5) -> 0.00033 | D55: =ROUND($D$17*C55,2) -> 0.7
A56: E.02 Incidência do FGTS sobre o período médio de afastamento superior a 15 dias motivado por acidente do trabalho | C56: =ROUND(8%*C36,5) -> 4e-05 | D56: =ROUND($D$17*C56,2) -> 0.09
A57: E.03 Incidência de FGTS sobre férias 1/3 constitucional | C57: =ROUND(C22*C46,5) -> 0.00222 | D57: =ROUND($D$17*C57,2) -> 4.73
A58: TOTAL - GRUPO E | C58: =ROUND(SUM(C55:C57),5) -> 0.00259 | D58: =ROUND(SUM(D55:D57),2) -> 5.52
A60: GRUPO F | C60: % | D60: Valor (R$)
A61: F.01 Incidência dos encargos do Grupo A sobre os valores constantes da base de cálculo referente ao salário maternidade | C61: =ROUND(C29*(4/12)*2/100,5) -> 0.00265 | D61: =ROUND($D$17*C61,2) -> 5.65
A62: TOTAL - GRUPO F | C62: =ROUND(SUM(C61),5) -> 0.00265 | D62: =ROUND(SUM(D61),2) -> 5.65
A63: TOTAL - ENCARGOS SOCIAIS (R$) | C63: =ROUND(C29+C40+C48+C52+C58+C62,5) -> 0.74079 | D63: =ROUND(D29+D40+D48+D52+D58+D62,2) -> 1579.53
A65: VALOR TOTAL DE REMUNERAÇÃO + ENCARGOS SOCIAIS (R$) | D65: =D17+D63 -> 3711.77
A67: SEÇÃO III - INSUMOS
A68: Insumos | D68: Valor (R$)
A69: Vale Refeição | D69: =ROUND(25.5*15,2) -> 382.5
A70: Desconto sobre o vale refeição (máximo 10% do vale refeição) | D70: =ROUND(($D$69*10%)*-1,2) -> -38.25
A71: Vale transporte | D71: =ROUND(3.8*2*15,2) -> 114
A72: Desconto legal sobre transporte (máximo 6% do salário-base) | D72: =ROUND(($D$12*6%)*-1,2) -> -78.3
A73: Plano de Saúde | D73: 109.23
A74: Desconto legal sobre plano de saúde (máximo R$ 1,00 do plano) | D74: -1
A75: Uniforme | D75: ='Uniforme Vigilante'!F12 -> 139.02
A76: Equipamentos e munição | D76: ='Equipamento e Munição'!F24 -> 71
A77: TOTAL - INSUMOS (R$) | D77: =ROUND(SUM(D69:D76),2) -> 698.2
A79: TOTAL DE REMUNERAÇÃO + ENCARGOS SOCIAIS + INSUMOS (R$) | D79: =ROUND(D65+D77,2) -> 4409.97
A81: SEÇÃO IV - INTRAJORNADA
A82: INTRAJORNADA | D82: Valor (R$)
A83: INTRAJORNADA | D83: =ROUND((D12+D13)/192*1.5*15,2) -> 198.81
A84: TOTAL - INTRAJORNADA (R$) | D84: =ROUND(SUM(D83),2) -> 198.81
A86: TOTAL DE REMUNERAÇÃO + ENCARGOS SOCIAIS + INSUMOS + INTRAJORNADA (R$) | D86: =ROUND(D79+D84,2) -> 4608.78
A88: SEÇÃO V - LDI E TRIBUTAÇÃO
A89: LUCRO E DESPESAS INDIRETAS (LDI) | C89: % | D89: Valor (R$)
A90: Despesas Administrativas/Operacionais | C90: 0.05 | D90: =ROUND(D86*C90,2) -> 230.44
A91: Lucro | C91: 0.1 | D91: =ROUND(D86*C91,2) -> 460.88
A92: TOTAL - LUCRO E DESPESAS INDIRETAS | C92: =ROUND(SUM(C90:C91),5) -> 0.15 | D92: =SUM(D90:D91) -> 691.32
A94: TOTAL DE REMUNERAÇÃO + ENCARGOS SOCIAIS + INSUMOS + INTRAJORNADA + LDI (R$) | D94: =ROUND(D86+D92,2) -> 5300.1
A96: BASE DE CÁLCULO PARA TRIBUTO | C96: =ROUND(1-(SUM(C99:C101)/1),5) -> 0.9135 | D96: =ROUND(D94/C96,2) -> 5801.97
A98: TRIBUTAÇÃO SOBRE FATURAMENTO | C98: % | D98: Valor (R$)
A99: ISS | C99: 0.05 | D99: =ROUND($D$96*C99,2) -> 290.1
A100: COFINS | C100: 0.03 | D100: =ROUND($D$96*C100,2) -> 174.06
A101: PIS | C101: 0.0065 | D101: =ROUND($D$96*C101,2) -> 37.71
A102: TOTAL - TRIBUTAÇÃO SOBRE FATURAMENTO | C102: =ROUND(SUM(C99:C101),5) -> 0.0865 | D102: =ROUND(SUM(D99:D101),2) -> 501.87
A104: PREÇO MENSAL PARA 1 (UM) EMPREGADO (R$) | D104: =ROUND(D94+D102,2) -> 5801.97
A105: PREÇO MENSAL PARA 1 (UM) POSTO COM 2 (DOIS) EMPREGADOS (R$) - PREÇO MENSAL X 2 EMPREGADOS | D105: =ROUND(D104*2,2) -> 11603.94
A106: PREÇO ANUAL PARA 1 (UM) POSTO (R$) - PREÇO MENSAL X 12 MESES | D106: =ROUND(D105*12,2) -> 139247.28
A108: Item | D108: %
A109: TOTAL - GRUPO A - ENCARGOS | D109: =C29 -> 0.398
A110: TOTAL - GRUPO B | D110: =C40 -> 0.19357
A111: TOTAL - GRUPO C | D111: =C48 -> 0.06694
A112: TOTAL - GRUPO D | D112: =C52 -> 0.07704
A113: TOTAL - GRUPO E | D113: =C58 -> 0.00259
A114: TOTAL - GRUPO F | D114: =C62 -> 0.00265
A115: TOTAL ENCARGOS SOCIAIS | D115: =ROUND(SUM(D109:D114),5) -> 0.74079

Sheet Uniforme Vigilante
A1: UNIFORME - Vigilante Patrimonial Armado
A2: Item | B2: Descrição | C2: Unidade de Medida | D2: Qtde. Anual (a) | E2: Valor Médio Unitário (R$) (b) | F2: Custo Total (R$) (c = a x b)
A3: =1 -> 1 | B3: Calça | C3: Und. | D3: 4 | E3: 37.95 | F3: =ROUND(E3*D3,2) -> 151.8
A4: =A3+1 -> 2 | B4: Camisa | C4: Und. | D4: 8 | E4: 40.86 | F4: =ROUND(E4*D4,2) -> 326.88
A5: =A4+1 -> 3 | B5: Fiel duplo | C5: Und. | D5: 2 | E5: 42.51 | F5: =ROUND(E5*D5,2) -> 85.02
A6: =A5+1 -> 4 | B6: Cinto Tático simples, cor preta | C6: Und. | D6: 2 | E6: 78.77 | F6: =ROUND(E6*D6,2) -> 157.54
A7: =A6+1 -> 5 | B7: Meias longas de algodão, cor preta | C7: Par | D7: 4 | E7: 67.48 | F7: =ROUND(E7*D7,2) -> 269.92
A8: =A7+1 -> 6 | B8: Coturno extraleve, cor preta | C8: Par | D8: 2 | E8: 317.23 | F8: =ROUND(E8*D8,2) -> 634.46
A9: =A8+1 -> 7 | B9: Boné | C9: Und. | D9: 1 | E9: 37.66 | F9: =ROUND(E9*D9,2) -> 37.66
A10: =A9+1 -> 8 | B10: Crachá | C10: Und. | D10: 1 | E10: 4.98 | F10: =ROUND(E10*D10,2) -> 4.98
A11: Custo Global Uniforme (R$) (∑ do Custo Total) → | F11: =ROUND(SUM(F3:F10),2) -> 1668.26
A12: Custo Mensal Uniforme (R$) (Custo Global ÷ 12 meses) → | F12: =ROUND(F11/12,2) -> 139.02
A14: FONTE DOS VALORES
A15: Consulta no Painel de Preços e Sites Especializados de Dominio Amplo em fev/2021

Sheet Equipamento e Munição
A1: EQUIPAMENTO e MUNIÇÃO - Vigilante Patrimonial Armado
A2: EQUIPAMENTO
A3: Item | B3: Descrição | C3: Unidade de Medida | D3: Quant. Total (a) | E3: Valor Médio Unitário (R$) (b) | F3: Custo Total (R$) (c = a x b)
A4: 1 | B4: Revólve calibre 38, 5 tiros, cano 2 polegadas | C4: Uni. | D4: 0.5 | E4: 4309.53 | F4: =ROUND(D4*E4,2) -> 2154.77
A5: =A4+1 -> 2 | B5: Coldre tipo Robocop | C5: Uni. | D5: 0.5 | E5: 49.9 | F5: =ROUND(D5*E5,2) -> 24.95
A6: =A5+1 -> 3 | B6: Porta munição tipo baleiro, minimo 5 projéteis | C6: Uni. | D6: 0.5 | E6: 82.98 | F6: =ROUND(D6*E6,2) -> 41.49
A7: =A6+1 -> 4 | B7: Livro de ocorrências | C7: Uni. | D7: 0.5 | E7: 14.7 | F7: =ROUND(D7*E7,2) -> 7.35
A8: =A7+1 -> 5 | B8: Lanterna tipo cotovelo | C8: Uni. | D8: 0.5 | E8: 151.33 | F8: =ROUND(D8*E8,2) -> 75.67
A9: =A8+1 -> 6 | B9: Tonfa ou Cassetete tipo bastão retrátil em polímero, c/ capa | C9: Uni. | D9: 0.5 | E9: 25 | F9: =ROUND(D9*E9,2) -> 12.5
A10: =A9+1 -> 7 | B10: Spray de Defesa Pessoal | C10: Uni. | D10: 0.5 | E10: 172.86 | F10: =ROUND(D10*E10,2) -> 86.43
A11: =A10+1 -> 8 | B11: Capa de Chuva tipo poncho militar | C11: Uni. | D11: 1 | E11: 66.49 | F11: =ROUND(D11*E11,2) -> 66.49
A12: =A11+1 -> 9 | B12: Radio comunicador completo (com bateria e carregador) Referência Motorola DEP 450 | C12: Uni. | D12: 0.5 | E12: 1770.6 | F12: =ROUND(D12*E12,2) -> 885.3
A13: =A12+1 -> 10 | B13: Apito | C13: Uni. | D13: 1 | E13: 13.71 | F13: =ROUND(D13*E13,2) -> 13.71
A14: =A13+1 -> 11 | B14: Colete Balístico nível mínimo de segurança II-A | C14: Uni. | D14: 1 | E14: 1500 | F14: =ROUND(D14*E14,2) -> 1500
A15: =A14+1 -> 12 | B15: Colete Tático (caso o colete balístico não possua slots para cassetete, spray e taser) | C15: Uni. | D15: 1 | E15: 255.82 | F15: =ROUND(D15*E15,2) -> 255.82
A16: Custo Global (R$) (∑ do Custo Total) → | F16: =ROUND(SUM(F4:F15),2) -> 5124.48
A17: Custo Mensal com a Manutenção dos Equipamentos: (k x 83 x V0/VU) → | F17: =ROUND(0.6*83*F16/10000,2) -> 25.52
A18: Custo Mensal com a Depreciação dos Equipamentos: [Valor total dos equipamentos x (1,00-0,20)]/(12x8) → | F18: =ROUND(F16*(1-0.2)/(12*8),2) -> 42.7
A19: Custo Mensal Manut. Depre. dos Equipamentos (R$) (Custo Mensal Manutenção + Depreciação) → | F19: =ROUND(F17+F18,2) -> 68.22
A21: MUNIÇÃO
A22: Item | B22: Descrição | C22: Unidade de Medida | D22: Quant. Total (a) | E22: Valor Médio Unitário (R$) (b) | F22: Custo Total (R$) (c = a x b)
A23: 1 | B23: Munição calibre 38 | C23: Blister c/10 | D23: =ROUND((10/12/10)/2,5) -> 0.04167 | E23: 66.63 | F23: =ROUND(D23*E23,2) -> 2.78
A24: Custo Mensal Manut. Depre. dos Equipamentos e Munição (R$) (Custo Mensal Manutenção + Depreciação + Munição) → | F24: =ROUND(F19+F23,2) -> 71
A26: FONTE DOS VALORES
A27: Consulta no Painel de Preços e Sites Especializados de Dominio Amplo em fev/2021
A30: NOTA MANUTENÇÃO DOS EQUIPAMENTOS
A31: Valor do insumo Manutenção de Equipamentos foi obtido adotando-se a metodologia das Tabelas de Composições de Preços para Orçamentação, publicação da Editora Pini, para equipamentos de pequeno porte (aproximadamente 1,5HP), com utilização, em média, de 83h/mês, em conjunto com o Manual de Custos Rodoviários do DNIT, Volume 1, de 2003: K = 0,6 (conforme adotado pelo Sicro2 /DNIT – Manual de Custos Rodoviários – Volume 1, página 83); VU = Vida Útil = 10.000 horas V0 = Valor de aquisição do equipamento
A33: NOTA DEPRECIAÇÃO DOS EQUIPAMENTOS
A34: Para o cálculo do insumo Depreciação de Equipamentos, adotou-se vida útil de 8 anos e valor residual de 20%, com base no Manual de Custos Rodoviários do DNIT, volume 1, de 2003.
